 Dungeon Crawl Stone Soup version 0.23-a0-705-g0e654d2 (webtiles) character file.

30 Bebo the Skirmisher (level 3, -3/29 HPs)
             Began as a Mummy Fighter on Jan 14, 2019.
             Slain by an adder (4 damage)
             ... on level 2 of the Dungeon.
             The game lasted 00:01:16 (1260 turns).

Bebo the Skirmisher (Mummy Fighter)                 Turns: 1260, Time: 00:01:17

Health: -3/29      AC:  6    Str: 20    XL:     3   Next: 5%
Magic:  3/3        EV:  7    Int:  7    God:
Gold:   64         SH:  9    Dex: 11    Spells: 2/2 levels left

rFire    x . .     SeeInvis .   a - +0 flail
rCold    + . .     Gourm    .   c - +0 shield
rNeg     + + +     Faith    .   b - +0 scale mail
rPois    ∞         Spirit   .   (no helmet)
rElec    .         Reflect  .   (no cloak)
rCorr    .         Harm     .   (no gloves)
MR       .....                  (no boots)
Stlth    ..........             (no amulet)
HPRegen  0.09/turn              (no ring)
MPRegen  0.08/turn              (no ring)

@: no status effects
A: no food or potions, fire vulnerability, cold resistance 1, negative energy
resistance 3, torment resistance, unbreathing
a: no special abilities


You were on level 2 of the Dungeon.
You were not hungry.

You visited 1 branch of the dungeon, and saw 2 of its levels.

You collected 64 gold pieces.

Inventory:

Hand Weapons
 a - a +0 flail (weapon)
Armour
 b - a +0 scale mail (worn)
 c - a +0 shield (worn)
Scrolls
 d - 3 scrolls of fog {unknown}
 e - a scroll of teleportation {unknown}
 f - a scroll of blinking {unknown}
 g - a scroll of amnesia {unknown}


   Skills:
 + Level 3.2 Fighting
 * Level 2.0 Maces & Flails
 * Level 2.6 Armour
 * Level 2.8 Shields


You had 2 spell levels left.
You didn't know any spells.
Your spell library was empty.

Dungeon Overview and Level Annotations

Branches:
Dungeon (2/15)

Altars:


Innate Abilities, Weirdness & Mutations

You do not eat or drink.
Your flesh is vulnerable to fire.
You are immune to poison.
Your flesh is cold resistant. (rC+)
You are immune to negative energy. (rN+++)
You are immune to unholy pain and torment.
You can survive without breathing.


Message History

You closely miss the adder. You block the adder's attack.
Your scale mail prevents you from hitting the adder.
You block the adder's attack. The adder closely misses you.
You miss the adder. The adder bites you.
* * * LOW HITPOINT WARNING * * *
The adder bites you but does no damage.
You miss the adder. The adder bites you but does no damage.
The adder closely misses you.
You barely miss the adder. You block the adder's attack. The adder bites you.
* * * LOW HITPOINT WARNING * * *
You miss the adder. The adder bites you but does no damage.
You aren't carrying any items that you can evoke.
You can't drink.
You miss the adder. The adder bites you.
* * * LOW HITPOINT WARNING * * *
You block the adder's attack.
You thump the adder!
The adder is almost dead.
You block the adder's attack. The adder bites you.
You die...

######### #.......#
#.....(.# ## #.......#
... #.......########
.... #.(..[..........
..... #.......###...#.
......###(......###.#.#.
......S@...............!
......##.#####%####.....
=)... #.# #.# ######
.... #.# #+# #< #.# #.#
#† # #.# #. #.# #. #.#
#. #.


You could see an adder.

Vanquished Creatures
  A dart slug (D:1)
  2 ball pythons
  A bat (D:1)
  3 giant cockroaches
  3 goblins
  3 hobgoblins
  4 jackals (D:1)
  2 frilled lizards (D:1)
  5 kobolds (D:1)
  2 rats (D:1)
26 creatures vanquished.

Notes
Turn   | Place    | Note
-------+----------+-------------------------------------------
     0 | D:1      | Bebo the Mummy Fighter began the quest for the Orb.
     0 | D:1      | Reached XP level 1. HP: 18/18 MP: 1/1
    74 | D:1      | Reached XP level 2. HP: 24/24 MP: 2/2
  1170 | D:2      | Reached XP level 3. HP: 26/29 MP: 3/3
  1257 | D:2      | HP: 1/29 [adder (2)]
  1260 | D:2      | Slain by an adder

Vault maps used:
D:1:      dpeg_arrival_court

Skill      XL: |  1  2  3 |
---------------+----------+-----
Maces & Flails | 2 |  2.0
Fighting       | |  3.2
Armour         | |  2.6
Shields        | |  2.8

Action                   || total
-------------------------++-------
Melee: Flail             ||   105
Armor: Scale mail        ||    50
Dodge: Dodged            ||    36
Block: Shield            ||    46

Table legend:
 A = Non-vault XP
 B = Vault XP
 C = Vault XP percentage of total XP
 D = Non-vault monster count
 E = Vault monster count
 F = Vault count percentage of total count
                 A         B        C        D         E       F
            +---------+---------+-------+---------+---------+-------
      Total |      44 |       0 |   0.0 |      26 |       0 |   0.0
            +---------+---------+-------+---------+---------+-------
        D:1 |      36 |       0 |   0.0 |      21 |       0 |   0.0
        D:2 |       8 |       0 |   0.0 |       5 |       0 |   0.0
            +---------+---------+-------+---------+---------+-------
